 Dungeon Crawl Stone Soup version 0.20-a0-984-ge8aa303 (webtiles) character file.

319 dvd the Shooter (level 6, -6/49 HPs)
             Began as a Centaur Arcane Marksman on Apr 10, 2017.
             Killed by divine providence
             ... invoked by an orc priest
              (11 damage)
             ... on level 4 of the Dungeon.
             The game lasted 00:11:16 (4547 turns).

dvd the Shooter (Centaur Arcane Marksman)           Turns: 4547, Time: 00:11:17

Health: -6/49      AC:  5    Str: 14    XL:     6   Next: 21%
Magic:  4/8        EV: 10    Int: 13    God:
Gold:   180        SH:  0    Dex:  9    Spells: 4/7 levels left

rFire    . . .     SeeInvis .   x - -3 mace (curse)
rCold    . . .     Gourm    .   (no shield)
rNeg     . . .     Faith    .   e - +1 robe
rPois    .         Spirit   .   (no helmet)
rElec    .         Reflect  .   (no cloak)
rCorr    +         Harm     .   (no gloves)
MR       .....                  (no barding)
Stlth    +.........             (no amulet)
Regen    0.2/turn               o - ring of flight
MPRegen  0.2/turn               m - ring of resist corrosion

@: hasted, very quick
A: hooves 3, deformed body, speed 2, tough skin 3
a: Evoke Flight


You were on level 4 of the Dungeon.
You were not hungry.

You visited 1 branch of the dungeon, and saw 4 of its levels.

You collected 180 gold pieces.

Inventory:

Hand Weapons
 a - a +0 shortbow
 b - a +3 short sword of speed
 l - a +0 hand axe
 x - a cursed -3 mace (weapon)
Missiles
 d - 27 arrows
Armour
 e - a +1 robe (worn)
Jewellery
 i - an uncursed ring of stealth
 m - a ring of resist corrosion (right hand)
 o - a ring of flight (left hand)
Scrolls
 g - 4 scrolls of identify
 h - a scroll of magic mapping
Potions
 t - a potion of agility {unknown}
Books
 c - a book of Debilitation

   Spells                             Type                      Level
   a - Corona                         Hexes                        1
   b - Slow                           Hexes                        2
   c - Inner Flame                    Hexes/Fire                   3
   d - Portal Projectile              Hexes/Translocation          3
   e - Cause Fear                     Hexes                        4
   f - Leda's Liquefaction            Hexes/Earth                  4
 r - a book of Cantrips

   Spells                             Type                      Level
   a - Confusing Touch                Hexes                        1
   b - Animate Skeleton               Necromancy                   1
   c - Summon Small Mammal            Summoning                    1
   d - Apportation                    Translocation                1
Comestibles
 f - 3 bread rations
 k - 5 meat rations
 n - a fruit


   Skills:
 + Level 2.3 Fighting
 + Level 1.2 Short Blades
 + Level 1.0 Maces & Flails
 + Level 4.9 Bows
 + Level 0.4 Throwing
 + Level 2.1 Dodging
 + Level 1.0 Stealth
 + Level 1.3 Spellcasting
 + Level 3.3 Hexes
 * Level 1.3 Translocations


You had 4 spell levels left.
You knew the following spells:

 Your Spells              Type           Power        Failure   Level  Hunger
b - Portal Projectile     Hex/Tloc       #.....       34%         3    ####...


Dungeon Overview and Level Annotations

Branches:
Dungeon (4/15)
 Temple: D:4-7

Altars:
Kikubaaqudgha
Uskayaw
Yredelemnul
The Shining One


Innate Abilities, Weirdness & Mutations

You have hooves in place of feet.
Armour fits poorly on your strangely shaped body.
You cover ground very quickly.
You have extremely tough skin. (AC +3)


Message History

The orc priest hits you with a morningstar.
You hit the orc priest.
You kill the orc priest!
Your Maces & Flails skill increases to level 1!
The orc priest mumbles some strange prayers to Beogh against you.
Pain shoots through your body!
The orc priest invokes the aid of Beogh against you.
Pain shoots through your body!
* * * LOW HITPOINT WARNING * * *
Things that are here:
a morningstar; an orc corpse Unknown command.
You closely miss the orc priest. Your kick misses the orc priest.
The orc priest hits you.
* * * LOW HITPOINT WARNING * * *
Unknown command.
It was a potion of haste.
You feel yourself speed up.
The orc priest mumbles some strange prayers to Beogh against you.
Beogh smites you!
You die...

##........##...# ####.....
#.........###..# ##....
#.........# ...# #...#
#.........# ..## ##..#
#..........## #..# #..#
##...........# #..## #..#
#........(...# #<.#######...
##...........(#####............
#...o...#.....@.##..[..........
#......##..##.o..#[.####.....##
#o....##...##......## ###..##
......o....###....## #..
............###...# #..
..#########...#..## ## ###....#
###.## #..#


You could see an orc priest.

Vanquished Creatures
  An orc priest (D:4)
  4 orc wizards
  A centaur skeleton (D:4)
  A killer bee zombie (D:4)
  A howler monkey skeleton (D:4)
  2 adders (D:3)
  An ooze (D:1)
  3 worms
  3 leopard geckos
  11 orcs
  2 bats (D:2)
  3 giant cockroaches
  5 goblins
  5 hobgoblins
  11 jackals
  9 kobolds
  A quokka (D:4)
  2 ball pythons
  4 frilled lizards
  11 rats
81 creatures vanquished.

Notes
Turn   | Place    | Note
-------+----------+-------------------------------------------
     0 | D:1      | dvd the Centaur Arcane Marksman began the quest for the Orb.
     0 | D:1      | Reached XP level 1. HP: 16/16 MP: 2/2
    91 | D:1      | Reached skill level 3 in Bows
   221 | D:1      | Reached XP level 2. HP: 21/23 MP: 3/3
   901 | D:2      | Reached XP level 3. HP: 28/28 MP: 4/4
  1426 | D:2      | Found a glowing golden altar of the Shining One.
  2011 | D:3      | Reached skill level 4 in Bows
  2011 | D:3      | Reached XP level 4. HP: 35/35 MP: 5/5
  2065 | D:3      | Reached skill level 1 in Short Blades
  2086 | D:3      | Learned a level 3 spell: Portal Projectile
  2297 | D:3      | Reached XP level 5. HP: 41/41 MP: 6/6
  3251 | D:4      | Found a basalt altar of Yredelemnul.
  3389 | D:4      | Found an ancient bone altar of Kikubaaqudgha.
  3398 | D:4      | Found a hide-covered altar of Uskayaw.
  3401 | D:4      | Noticed a hand axe
  3402 | D:4      | Noticed a dagger
  3728 | D:4      | Reached skill level 1 in Translocations
  4131 | D:4      | Reached skill level 1 in Stealth
  4284 | D:4      | Reached XP level 6. HP: 21/49 MP: 7/7
  4544 | D:4      | Reached skill level 1 in Maces & Flails
  4547 | D:4      | Killed from afar by an orc priest

Vault maps used:
D:1:      doesnt_arrival_goblin_jail, corexii_item_surrounded_by_moat
D:2:      nicolae_tso_carved_into_rock
D:3:      cheibrodos_helix_gallery, first_bread
D:4:      dancing_weapons_uskayaw, yredelemnul_altar_generic, lemuel_round_altar

Skill      XL: |  1  2  3  4  5  6 |
---------------+-------------------+-----
Bows           | 3 4 |  4.9
Hexes          | 3 |  3.3
Short Blades   | 1 |  1.2
Fighting       | 2 |  2.3
Translocations | 1 |  1.3
Stealth        | 1 |  1.0
Dodging        | 2 |  2.1
Maces & Flails | 1 |  1.0
Throwing       | |  0.4
Spellcasting   | |  1.3

Action                   |  1- 3 |  4- 6 || total
-------------------------+-------+-------++-------
Melee: Short sword       |    45 |    45 ||    90
       Kick              |     5 |    45 ||    50
       Mace              |       |   142 ||   142
 Fire: Shortbow          |    68 |    28 ||    96
Throw: Tomahawk          |       |     9 ||     9
 Cast: Corona            |     6 |       ||     6
       Portal Projectile |       |     1 ||     1
  Use: Scroll            |       |     7 ||     7
       Potion            |       |     3 ||     3
 Stab: Sleeping          |     3 |     1 ||     4
  Eat: Chunk             |     2 |     7 ||     9
       Royal jelly       |       |     1 ||     1
Armor: Robe              |     6 |    59 ||    65
Dodge: Dodged            |    19 |   111 ||   130
